PCL
LAS VEGAS STARS @ SAN JOSE MISSIONS
08/03/2026
 
TOP OF THE 1ST
Las Vegas Stars batting - Pitching for San Jose Missions : LHP Morgan O'Day
Pitching: LHP Morgan O'Day
Batting: RHB Reginaldo Jaconelli 0-0: Fly out, F3 (Popup, 34)
Batting: LHB Bryan Foster 0-0: Ball
1-0: Ball
2-0: Ground out 1-3 (Groundball, 15)
Batting: RHB Kyle Bacon 0-0: Ball
1-0: Ball
2-0: Swinging Strike
2-1: Foul Ball, location: 2F
2-2: Foul Ball, location: 2F
2-2: Ball
3-2: Base on Balls
Batting: RHB William Richardson 0-0: Ball
1-0: Ball
2-0: Fly out, F9 (Flyball, 9S)
Top of the 1st over - 0 run(s), 0 hit(s), 0 error(s), 1 left on base; Las Vegas 0 - San Jose 0
BOTTOM OF THE 1ST
San Jose Missions batting - Pitching for Las Vegas Stars : LHP Walter Bamber
Pitching: LHP Walter Bamber
Batting: RHB Andrew Benson 0-0: Fly out, F9 (Flyball, 9D)
Batting: RHB Jorge Díaz 0-0: Foul Ball, location: 2F
0-1: SINGLE (Groundball, 34D)
Batting: RHB Ramón Ruíz 0-0: Ball
1-0: Ball
2-0: Grounds into double play, 4-6-3 (Groundball, 4)
Bottom of the 1st over - 0 run(s), 1 hit(s), 0 error(s), 0 left on base; Las Vegas 0 - San Jose 0
TOP OF THE 2ND
Las Vegas Stars batting - Pitching for San Jose Missions : LHP Morgan O'Day
Batting: SHB Esteban Silva 0-0: Ground out 1-3 (Groundball, 23)
Batting: LHB Diego Torres 0-0: Foul Ball, location: 2F
0-1: Swinging Strike
0-2: Ball
1-2: Ball
2-2: Foul Ball, location: 2F
2-2: Foul Ball, location: 2F
2-2: SOLO HOME RUN (Line Drive, 9D), Distance : 377 ft
Batting: LHB Eliot Helen 0-0: Called Strike
0-1: Called Strike
0-2: Foul Ball, location: 2F
0-2: Ball
1-2: SINGLE (Flyball, 9S)
Batting: LHB Fernando De La Cruz 0-0: Called Strike
0-1: Called Strike
0-2: Strikes out swinging
Batting: RHB Ryan Campbell 0-0: Called Strike
0-1: Ball
1-1: Reached on error, E6 (Groundball, 6)
Eliot Helen to second
Batting: RHB Reginaldo Jaconelli 0-0: Foul Ball, location: 2F
0-1: Ball
1-1: SINGLE (Flyball, 89S)
Eliot Helen to third
Ryan Campbell to second
Runner from 3rd tries for Home, SAFE, no throw or cutoff
Batting: LHB Bryan Foster 0-0: Fly out, F9 (Line Drive, 9M)
Top of the 2nd over - 2 run(s), 3 hit(s), 1 error(s), 2 left on base; Las Vegas 2 - San Jose 0
BOTTOM OF THE 2ND
San Jose Missions batting - Pitching for Las Vegas Stars : LHP Walter Bamber
Batting: RHB Culley Douglas 0-0: Ball
1-0: Called Strike
1-1: Ball
2-1: SINGLE (Groundball, 4MD)
Batting: RHB Chang-geun Kim 0-0: Swinging Strike
0-1: 2-RUN HOME RUN (Line Drive, 7D), Distance : 395 ft
Batting: RHB Armando López 0-0: Swinging Strike
0-1: Fly out, F7 (Line Drive, 7S)
Batting: RHB Greg Ball 0-0: Ball
1-0: Foul Ball, location: 2F
1-1: Ball
2-1: Called Strike
2-2: Ball
3-2: Foul Ball, location: 2F
3-2: Ground out 6-3 (Groundball, 6MS)
Batting: RHB Kyle Williams 0-0: Foul Ball, location: 2F
0-1: Foul Ball, location: 2F
0-2: Ball
1-2: Ball
2-2: Foul Ball, location: 2F
2-2: Ground out 5-3 (Groundball, 56)
Bottom of the 2nd over - 2 run(s), 2 hit(s), 0 error(s), 0 left on base; Las Vegas 2 - San Jose 2
TOP OF THE 3RD
Las Vegas Stars batting - Pitching for San Jose Missions : LHP Morgan O'Day
Batting: RHB Kyle Bacon 0-0: Ball
1-0: Fly out, F9 (Flyball, 89D)
Batting: RHB William Richardson 0-0: Ball
1-0: Ball
2-0: Foul Ball, location: 2F
2-1: Foul Ball, location: 2F
2-2: Ball
3-2: SINGLE (Line Drive, 4D)
Batting: SHB Esteban Silva 0-0: Ball
1-0: Called Strike
1-1: Ball
William Richardson is caught stealing 2nd base
2-1: Ball
3-1: Foul Ball, location: 2F
3-2: SOLO HOME RUN (Flyball, 7D), Distance : 388 ft
Batting: LHB Diego Torres 0-0: Called Strike
0-1: Ball
1-1: SINGLE (Line Drive, 9LS)
Batting: LHB Eliot Helen 0-0: Ball
1-0: Swinging Strike
1-1: Fly out, F5 (Popup, 13S)
Top of the 3rd over - 1 run(s), 3 hit(s), 0 error(s), 1 left on base; Las Vegas 3 - San Jose 2
BOTTOM OF THE 3RD
San Jose Missions batting - Pitching for Las Vegas Stars : LHP Walter Bamber
Batting: RHB Dale O'Feennaghty 0-0: Fly out, F9 (Flyball, 89M)
Batting: RHB Andrew Benson 0-0: Ball
1-0: Swinging Strike
1-1: Swinging Strike
1-2: Ball
2-2: Foul Ball, location: 2F
2-2: Foul Ball, location: 2F
2-2: Fly out, F5 (Popup, 5F)
Batting: RHB Jorge Díaz 0-0: Ground out 6-3 (Groundball, 6)
Bottom of the 3rd over - 0 run(s), 0 hit(s), 0 error(s), 0 left on base; Las Vegas 3 - San Jose 2
TOP OF THE 4TH
Las Vegas Stars batting - Pitching for San Jose Missions : LHP Morgan O'Day
Batting: LHB Fernando De La Cruz 0-0: Fly out, F7 (Flyball, 78M)
Batting: RHB Ryan Campbell 0-0: Called Strike
0-1: Called Strike
0-2: Foul Ball, location: 2F
0-2: Foul Ball, location: 2F
0-2: Ball
1-2: Foul Ball, location: 2F
1-2: Ball
2-2: Fly out, F1 (Line Drive, 13)
Batting: RHB Reginaldo Jaconelli 0-0: Ball
1-0: Ball
2-0: Called Strike
2-1: Ball
3-1: Fly out, F9 (Flyball, 89D)
Top of the 4th over - 0 run(s), 0 hit(s), 0 error(s), 0 left on base; Las Vegas 3 - San Jose 2
BOTTOM OF THE 4TH
San Jose Missions batting - Pitching for Las Vegas Stars : LHP Walter Bamber
Batting: RHB Ramón Ruíz 0-0: Foul Ball, location: 2F
0-1: Swinging Strike
0-2: Ball
1-2: Ball
2-2: SOLO HOME RUN (Line Drive, 9D), Distance : 392 ft
Batting: RHB Culley Douglas 0-0: SINGLE (Groundball, 56D) (infield hit)
Batting: RHB Chang-geun Kim 0-0: Ball
1-0: Called Strike
1-1: Called Strike
1-2: Ball
2-2: Ball
3-2: SINGLE (Groundball, 34)
Culley Douglas to second
Runner from 2nd tries for 3rd, SAFE, throw made to third
Batting: RHB Armando López 0-0: Ball
1-0: Ball
2-0: Swinging Strike
2-1: Called Strike
2-2: Fly out, F8 (Flyball, 8RD)
Runner from 3rd tags up, SCORES, no throw
Batting: RHB Greg Ball 0-0: Ball
1-0: Called Strike
1-1: Ball
2-1: Called Strike
2-2: SINGLE (Groundball, 6MD)
Chang-geun Kim to second
Runner from 2nd tries for 3rd, OUT!
Greg Ball to second
Batting: RHB Kyle Williams 0-0: Foul Ball, location: 2F
0-1: Swinging Strike
0-2: DOUBLE (Line Drive, 78D)
Greg Ball scores
Batting: RHB Dale O'Feennaghty 0-0: Ball
1-0: Ball
2-0: Ball
3-0: Fly out, F8 (Flyball, 8LD)
Bottom of the 4th over - 3 run(s), 5 hit(s), 0 error(s), 1 left on base; Las Vegas 3 - San Jose 5
TOP OF THE 5TH
Las Vegas Stars batting - Pitching for San Jose Missions : LHP Morgan O'Day
Batting: LHB Bryan Foster 0-0: Ball
1-0: Called Strike
1-1: Foul Ball, location: 2F
1-2: Ground out 1-3 (Groundball, 15)
Batting: RHB Kyle Bacon 0-0: Ball
1-0: Called Strike
1-1: Ground out 5-3 (Groundball, 5S)
Batting: RHB William Richardson 0-0: Ball
1-0: Fly out, F4 (Line Drive, 4)
Top of the 5th over - 0 run(s), 0 hit(s), 0 error(s), 0 left on base; Las Vegas 3 - San Jose 5
BOTTOM OF THE 5TH
San Jose Missions batting - Pitching for Las Vegas Stars : LHP Walter Bamber
Batting: RHB Andrew Benson 0-0: Called Strike
0-1: Ball
1-1: Ball
2-1: Ground out 5-3 (Groundball, 5)
Batting: RHB Jorge Díaz 0-0: Called Strike
0-1: Foul Ball, location: 2F
0-2: Ball
1-2: Foul Ball, location: 2F
1-2: Strikes out swinging
Batting: RHB Ramón Ruíz 0-0: Fly out, F3 (Popup, 3SF)
Bottom of the 5th over - 0 run(s), 0 hit(s), 0 error(s), 0 left on base; Las Vegas 3 - San Jose 5
TOP OF THE 6TH
Las Vegas Stars batting - Pitching for San Jose Missions : LHP Morgan O'Day
Batting: SHB Esteban Silva 0-0: Ball
1-0: Fly out, F9 (Line Drive, 9D)
Batting: LHB Diego Torres 0-0: Ball
1-0: Ball
2-0: Foul Ball, location: 2F
2-1: Ground out 3-1 (Groundball, 34S)
Batting: LHB Eliot Helen 0-0: Foul Ball, location: 2F
0-1: Ball
1-1: Foul Ball, location: 2F
1-2: Ball
2-2: Ball
3-2: Fly out, F7 (Line Drive, 7M)
Top of the 6th over - 0 run(s), 0 hit(s), 0 error(s), 0 left on base; Las Vegas 3 - San Jose 5
BOTTOM OF THE 6TH
San Jose Missions batting - Pitching for Las Vegas Stars : LHP Walter Bamber
Batting: RHB Culley Douglas 0-0: Called Strike
0-1: Foul Ball, location: 2F
0-2: Ball
1-2: SINGLE (Popup, 5D)
Batting: RHB Chang-geun Kim 0-0: Ball
1-0: Swinging Strike
1-1: Ball
2-1: Called Strike
2-2: Fly out, F8 (Flyball, 8RD)
Batting: RHB Armando López 0-0: Called Strike
0-1: Called Strike
0-2: Ball
1-2: 2-RUN HOME RUN (Flyball, 8LXD), Distance : 438 ft
Batting: RHB Greg Ball 0-0: Called Strike
0-1: Ground out 6-3 (Groundball, 6)
Batting: RHB Kyle Williams 0-0: SINGLE (Line Drive, 8RS)
Pitching: RHP José Gómes
Batting: RHB Dale O'Feennaghty 0-0: Foul Ball, location: 2F
0-1: Foul Ball, location: 2F
0-2: Ball
1-2: Foul Ball, location: 2F
1-2: Ball
2-2: Ball
Kyle Williams steals 2nd base
3-2: SINGLE (Flyball, 89S)
Kyle Williams to third
Kyle Williams scores
Batting: RHB Andrew Benson 0-0: Called Strike
0-1: Ball
1-1: Ball
2-1: Foul Ball, location: 2F
2-2: Strikes out looking
Bottom of the 6th over - 3 run(s), 4 hit(s), 0 error(s), 1 left on base; Las Vegas 3 - San Jose 8
TOP OF THE 7TH
Las Vegas Stars batting - Pitching for San Jose Missions : LHP Morgan O'Day
Batting: LHB Fernando De La Cruz 0-0: Ball
1-0: Called Strike
1-1: Ball
2-1: Ball
3-1: SINGLE (Groundball, 4M)
Batting: RHB Ryan Campbell 0-0: DOUBLE (Groundball, 5L)
Fernando De La Cruz to third
Batting: RHB Reginaldo Jaconelli 0-0: Ball
1-0: Foul Ball, location: 2F
1-1: Ground out 6-3 (Groundball, 6)
Fernando De La Cruz scores
Batting: LHB Bryan Foster 0-0: Called Strike
0-1: Ball
1-1: Fly out, F7 (Flyball, 78S)
Batting: RHB Kyle Bacon 0-0: TRIPLE (Line Drive, 8LXD)
Ryan Campbell scores
Batting: RHB William Richardson 0-0: Ball
1-0: Ball
2-0: Ball
3-0: Base on Balls
Batting: SHB Esteban Silva 0-0: Ball
1-0: Ball
2-0: Foul Ball, location: 2F
2-1: Foul Ball, location: 2F
2-2: Ball
3-2: Base on Balls
William Richardson to second
Pinch Hitting: RHB Brian George 0-0: Ball
1-0: Foul Ball, location: 2F
1-1: Ball
2-1: Ball
3-1: Foul Ball, location: 2F
3-2: Foul Ball, location: 2F
3-2: Base on Balls
Kyle Bacon scores
William Richardson to third
Esteban Silva to second
Batting: LHB Eliot Helen 0-0: Foul Ball, location: 2F
0-1: Called Strike
0-2: SINGLE (Line Drive, 89S)
William Richardson scores
Esteban Silva to third
Brian George to second
Runner from 3rd tries for Home, SAFE, no throw or cutoff
Pinch Hitting: RHB Ron Shelton 0-0: Called Strike
0-1: Ball
1-1: Ball
2-1: Ball
3-1: SINGLE (Line Drive, 78S)
Brian George to third
Eliot Helen to second
Runner from 3rd tries for Home, SAFE, no throw or cutoff
Batting: RHB Ryan Campbell 0-0: Fly out, F9 (Flyball, 9S)
Top of the 7th over - 6 run(s), 5 hit(s), 0 error(s), 2 left on base; Las Vegas 9 - San Jose 8
BOTTOM OF THE 7TH
San Jose Missions batting - Pitching for Las Vegas Stars : RHP José Gómes
Now at 2B: Brian George
Now in RF: Brendan Vigors
Batting: RHB Jorge Díaz 0-0: Ball
1-0: Called Strike
1-1: Ball
2-1: Foul Ball, location: 2F
2-2: Fly out, F6 (Popup, 56)
Batting: RHB Ramón Ruíz 0-0: Swinging Strike
0-1: Ball
1-1: SINGLE (Flyball, 8LS)
Pinch Hitting: LHB Mel Jones 0-0: Called Strike
0-1: Ball
1-1: Ball
2-1: Swinging Strike
2-2: Strikes out swinging
Pinch Hitting: LHB Miguel Montés 0-0: Fly out, F7 (Flyball, 78M)
Bottom of the 7th over - 0 run(s), 1 hit(s), 0 error(s), 1 left on base; Las Vegas 9 - San Jose 8
TOP OF THE 8TH
Las Vegas Stars batting - Pitching for San Jose Missions : LHP Morgan O'Day
Now at 1B: Miguel Montés
Now in LF: Mel Jones
Batting: RHB Reginaldo Jaconelli 0-0: Called Strike
0-1: Fly out, F2 (Popup, 2LF)
Batting: LHB Bryan Foster 0-0: Ball
1-0: Swinging Strike
1-1: Ball
2-1: Called Strike
2-2: Ball
3-2: Foul Ball, location: 2F
3-2: Base on Balls
Batting: RHB Kyle Bacon 0-0: Ball
1-0: SINGLE (Flyball, 9LS)
Bryan Foster to second
Runner from 2nd tries for 3rd, SAFE, throw made to third
Batting: RHB William Richardson 0-0: Ball
1-0: Called Strike
1-1: SINGLE (Groundball, 56D)
Bryan Foster scores
Kyle Bacon to second
Batting: SHB Esteban Silva 0-0: Ball
1-0: Ball
2-0: Ball
3-0: Swinging Strike
3-1: Base on Balls
Kyle Bacon to third
William Richardson to second
Batting: RHB Brian George 0-0: DOUBLE (Line Drive, 7LD)
Kyle Bacon scores
William Richardson scores
Esteban Silva to third
Batting: LHB Eliot Helen 0-0: Ball
1-0: Ball
2-0: Foul Ball, location: 2F
2-1: Swinging Strike
2-2: Ball
3-2: Base on Balls
Batting: RHB Brendan Vigors 0-0: Called Strike
0-1: Ball
1-1: Ball
2-1: Foul Ball, location: 2F
2-2: SINGLE (Line Drive, 7LM)
Esteban Silva scores
Brian George to third
Eliot Helen to second
Runner from 3rd tries for Home, SAFE, throw made home
Eliot Helen to third
Brendan Vigors to second
Batting: RHB Ryan Campbell 0-0: Ball
1-0: Ball
2-0: Ball
3-0: Base on Balls
Batting: RHB Reginaldo Jaconelli 0-0: Called Strike
0-1: Swinging Strike
0-2: Ball
1-2: Fly out, F9 (Flyball, 9M)
Runner from 3rd tags up, SCORES, throw made
Now at C: Elliott Rucker
Batting: LHB Bryan Foster 0-0: Fly out, F9 (Flyball, 89M)
Top of the 8th over - 6 run(s), 4 hit(s), 0 error(s), 2 left on base; Las Vegas 15 - San Jose 8
BOTTOM OF THE 8TH
San Jose Missions batting - Pitching for Las Vegas Stars : RHP José Gómes
Now at C: Douglas Davis
Batting: RHB Armando López 0-0: Called Strike
0-1: Swinging Strike
0-2: Ball
1-2: Fly out, F8 (Flyball, 8RM)
Batting: RHB Greg Ball 0-0: Called Strike
0-1: Foul Ball, location: 2F
0-2: Strikes out looking
Batting: RHB Kyle Williams 0-0: Swinging Strike
0-1: SINGLE (Flyball, 6MD)
Batting: RHB Elliott Rucker 0-0: Ball
1-0: Foul Ball, location: 2F
1-1: Fly out, F7 (Flyball, 78S)
Bottom of the 8th over - 0 run(s), 1 hit(s), 0 error(s), 1 left on base; Las Vegas 15 - San Jose 8
TOP OF THE 9TH
Las Vegas Stars batting - Pitching for San Jose Missions : LHP Morgan O'Day
Pitching: RHP Raúl García
Batting: RHB Kyle Bacon 0-0: Ball
1-0: Swinging Strike
1-1: Ball
2-1: SINGLE (Line Drive, 6M)
Batting: RHB William Richardson 0-0: Foul Ball, location: 2F
0-1: Called Strike
0-2: Foul Ball, location: 2F
0-2: Ball
1-2: Foul Ball, location: 2F
1-2: DOUBLE (Line Drive, 5D)
Kyle Bacon to third
Kyle Bacon scores
Batting: SHB Esteban Silva 0-0: Foul Ball, location: 2F
0-1: Ball
1-1: Foul Ball, location: 2F
1-2: 2-RUN HOME RUN (Flyball, 89XD), Distance : 432 ft
Batting: RHB Brian George 0-0: Ball
1-0: Ball
2-0: Foul Ball, location: 2F
2-1: Called Strike
2-2: Ball
3-2: Foul Ball, location: 2F
3-2: Base on Balls
Batting: LHB Eliot Helen 0-0: Ball
1-0: Swinging Strike
1-1: Ball
2-1: Called Strike
2-2: Ball
3-2: Base on Balls
Brian George to second
Batting: RHB Brendan Vigors 0-0: Ball
1-0: SINGLE (Groundball, 4M)
Brian George to third
Eliot Helen to second
Batting: RHB Ryan Campbell 0-0: Foul Ball, location: 2F
0-1: Ball
1-1: DOUBLE (Flyball, 8LXD)
Brian George scores
Eliot Helen scores
Brendan Vigors to third
Pitching: RHP Jorge Comacho
Batting: RHB Douglas Davis 0-0: Swinging Strike
0-1: Ball
1-1: Foul Ball, location: 2F
1-2: Ball
2-2: Foul Ball, location: 2F
2-2: Strikes out swinging
Batting: LHB Bryan Foster 0-0: Called Strike
0-1: Ball
1-1: Called Strike
1-2: Foul Ball, location: 2F
1-2: Fly out, F8 (Flyball, 78XD)
Runner from 3rd tags up, SCORES, no throw
Batting: RHB Kyle Bacon 0-0: Ball
1-0: Ball
2-0: Ball
3-0: Base on Balls
Batting: RHB William Richardson 0-0: Called Strike
0-1: Fly out, F7 (Line Drive, 7M)
Top of the 9th over - 6 run(s), 5 hit(s), 0 error(s), 2 left on base; Las Vegas 21 - San Jose 8
BOTTOM OF THE 9TH
San Jose Missions batting - Pitching for Las Vegas Stars : RHP José Gómes
Batting: RHB Andrew Benson 0-0: Ball
1-0: Ball
2-0: Called Strike
2-1: Foul Ball, location: 2F
2-2: Fly out, F7 (Flyball, 7LD)
Pitching: RHP Mike Drader
Batting: RHB Jorge Díaz 0-0: Ball
1-0: Swinging Strike
1-1: Swinging Strike
1-2: Strikes out swinging
Batting: RHB Ramón Ruíz 0-0: Ball
1-0: Ball
2-0: Ball
3-0: Base on Balls
Batting: LHB Mel Jones 0-0: Ball
1-0: Ball
2-0: Ball
3-0: Base on Balls
Ramón Ruíz to second
Batting: LHB Miguel Montés 0-0: Called Strike
0-1: Called Strike
0-2: Foul Ball, location: 2F
0-2: Ball
1-2: Foul Ball, location: 2F
1-2: Strikes out swinging
Bottom of the 9th over - 0 run(s), 0 hit(s), 0 error(s), 2 left on base; Las Vegas 21 - San Jose 8
Monday, December 5th, 2016 - OOTP Baseball 17.12 Build 75